 Dungeon Crawl Stone Soup version 0.23.1 (webtiles) character file.

Game seed: 876806320391094457

268 Kniotic the Conjurer (level 5, -10/38 HPs)
             Began as a Demigod Conjurer on Mar 5, 2019.
             Killed by divine providence
             ... invoked by an orc priest
              (15 damage)
             ... on level 3 of the Dungeon.
             The game lasted 00:06:55 (4489 turns).

Kniotic the Conjurer (Demigod Conjurer)             Turns: 4489, Time: 00:06:55

Health: -10/38     AC:  3    Str: 11    XL:     5   Next: 68%
Magic:  1/10       EV: 14    Int: 21    God:
Gold:   100        SH:  0    Dex: 16    Spells: 2/7 levels left

rFire    . . .     SeeInvis .   i - +1 dagger (holy)
rCold    . . .     Gourm    .   (no shield)
rNeg     . . .     Faith    .   a - +0 robe
rPois    .         Spirit   .   o - +0 helmet (curse)
rElec    .         Reflect  .   (no cloak)
rCorr    .         Harm     .   (no gloves)
MR       .....                  (no boots)
Stlth    ++........             (no amulet)
HPRegen  0.12/turn              (no ring)
MPRegen  0.12/turn              (no ring)

@: no status effects
A: high mp 1
a: no special abilities


You were on level 3 of the Dungeon.
You were very hungry.

You visited 1 branch of the dungeon, and saw 3 of its levels.

You collected 100 gold pieces.

Inventory:

Hand Weapons
 i - a +1 dagger of holy wrath (weapon)
Armour
 a - a +0 robe (worn)
 o - a cursed +0 helmet (worn)
Jewellery
 l - an uncursed ring of fire {unknown}
Scrolls
 d - 2 scrolls of identify {unknown}
 e - 3 scrolls of teleportation {unknown}
 f - a scroll of fog {unknown}
 g - a scroll of fear {unknown}
 k - 2 scrolls of immolation {unknown}
 m - 2 scrolls of remove curse {unknown}
 n - a scroll of random uselessness {unknown}
Potions
 h - a potion of degeneration {unknown}
Comestibles
 c - 8 rations


   Skills:
 + Level 4.2 Dodging
 - Level 1.7 Stealth
 - Level 1.7 Spellcasting
 + Level 5.3 Conjurations


You had 2 spell levels left.
You knew the following spells:

 Your Spells              Type           Power        Failure   Level  Hunger
a - Magic Dart            Conj           ###.         1%          1    #......
b - Iskenderun's Mystic   Conj           ###.....     17%         4    #####..

Your spell library contained the following spells:

 Spells                   Type           Power        Failure   Level  Hunger
 Searing Ray              Conj           ###...       2%          2    ###....
 Dazzling Spray           Conj/Hex       ##....       16%         3    ###....
 Force Lance              Conj/Tloc      ##......     45%         4    #####..
 Fulminant Prism          Conj/Hex       ##........   45%         4    #####..


Dungeon Overview and Level Annotations

Branches:
Dungeon (3/15)


Innate Abilities, Weirdness & Mutations

You have an increased reservoir of magic. (+10% MP)


Message History

The magic dart hits the orc priest but does no damage.
The orc priest is almost dead.
The orc priest hits you with a +0 club.
You closely miss the orc priest.
The orc priest is almost dead.
The orc priest misses you.
You hit the orc priest but do no damage.
The orc priest is almost dead.
The orc priest hits you but does no damage.
You hit the orc priest but do no damage.
The orc priest is almost dead.
The orc priest hits you with a +0 club.
You hit the orc priest but do no damage.
The orc priest is almost dead.
The orc priest calls down the wrath of Beogh upon you.
Pain shoots through your body!
* * * LOW HITPOINT WARNING * * *
The orc priest invokes the aid of Beogh against you.
Beogh smites you!
You die...

###.## #....).#.# # ..).#
#......#.# #.#.# ....#
#......#.# #.#.# ....#
#......#.. ..... ...######
#÷#.##.### #.#.# ........#
#.#.##.#####.#.# #P.##...#
#.#..........#.#
##..#..[###.#.##)#####.#.#######
#..._#[.'.....o.@..[............
#P...#..###.#.########.#.######
).⌠._#..# #.....# #.#........
#.PP.P..# #.#.########.#########
#..._#..# #............#
##..##..# #...########.#
#P###...# #...# #.# ##......#
#...# #.# #......# #...#### ###


You could see an orc priest.

Vanquished Creatures
  3 orc wizards
  A worker ant (D:3)
  2 gnolls (D:2)
  3 adders (D:2)
  2 oozes (D:1)
  A worm (D:2)
  3 dart slugs
  2 leopard geckos
  16 orcs
  8 bats
  2 giant cockroaches (D:3)
  6 goblins
  9 hobgoblins
  6 jackals
  10 kobolds
  5 frilled lizards
  2 rats
81 creatures vanquished.

Notes
Turn   | Place    | Note
-------+----------+-------------------------------------------
     0 | D:1      | Kniotic the Demigod Conjurer began the quest for the Orb.
     0 | D:1      | Reached XP level 1. HP: 14/14 MP: 5/5
   203 | D:1      | Reached XP level 2. HP: 20/20 MP: 2/7
   321 | D:1      | Reached skill level 4 in Conjurations
   938 | D:2      | Reached XP level 3. HP: 26/26 MP: 2/8
  1445 | D:2      | Reached XP level 4. HP: 33/33 MP: 4/9
  2234 | D:2      | Found an iron altar of Okawaru.
  2332 | D:2      | Learned a level 4 spell: Iskenderun's Mystic Blast
  3195 | D:3      | Found a snail-covered altar of Cheibriados.
  3195 | D:3      | Found a glowing golden altar of the Shining One.
  3195 | D:3      | Found a hazy altar of Hepliaklqana.
  3224 | D:3      | Reached XP level 5. HP: 38/38 MP: 6/10
  3353 | D:3      | Reached skill level 5 in Conjurations
  4489 | D:3      | Killed from afar by an orc priest

Skill      XL: |  1  2  3  4  5 |
---------------+----------------+-----
Dodging        | 2 3 4 |  4.2
Conjurations   | 4 5 |  5.3
Stealth        | |  1.7
Spellcasting   | |  1.7

Action                   |  1- 3 |  4- 6 || total
-------------------------+-------+-------++-------
Melee: Unarmed           |    20 |    19 ||    39
       Dagger            |       |     7 ||     7
 Cast: Magic Dart        |    78 |   156 ||   234
       Iskenderun's Myst |       |     5 ||     5
  Use: Potion            |       |     3 ||     3
  Eat: Chunk             |     3 |    11 ||    14
Armor: Robe              |     8 |    19 ||    27
Dodge: Dodged            |    36 |    83 ||   119
